 Dungeon Crawl Stone Soup version 0.29.1-13-g9f3cf754e1 (webtiles) character file.

Game seed: 6760881643043146371

152 javelincjr the Conjurer (level 4, -1/51 HPs)
             Began as a Demigod Conjurer on Jan 20, 2023.
             Succumbed to a kobold brigand's curare-tipped dart
             ... in a sewer.
             The game lasted 00:12:35 (3769 turns).

javelincjr the Conjurer (Demigod Conjurer)          Turns: 3769, Time: 00:12:36

Health: -1/51      AC: 22    Str:  8    XL:     4   Next: 87%
Magic:  5/10       EV:  2    Int: 24    God:
Gold:   151        SH:  0    Dex: 12    Spells: 5/8 levels left

rFire   . . .      SeeInvis .   d - +0 spear
rCold   . . .      Faith    .   (no shield)
rNeg    . . .      Spirit   +   (body armour currently unavailable)
rPois   +          Reflect  .   (helmet currently unavailable)
rElec   .          Harm     .   (cloak currently unavailable)
rCorr   .          Rampage  .   (gloves currently unavailable)
Will    .....      NoTele   +   (boots currently unavailable)
Stlth   ++........              e - amulet of guardian spirit
HPRegen 0.17/turn               (no ring)
MPRegen 0.12/turn               (no ring)

@: lethally poisoned (-1 -> -5), tree-form, slowed, very slow
A: stationary, stasis, torment immunity, boosted hp, high MP 1, forlorn, divine
attributes
a: no special abilities


You were in a sewer.
You were a tree.
You visited 1 branch of the dungeon, and saw 3 of its levels.
You also visited: Sewer.

You collected 151 gold pieces.

Inventory:

Hand Weapons
 d - a +0 spear (weapon)
 f - a +2 short sword of holy wrath
Missiles
 b - 6 poisoned darts
Armour
 a - a +0 robe (melded)
 k - a +0 pair of boots (melded)
Magical Staves
 l - a staff of death
Jewellery
 e - an amulet of guardian spirit (around neck)
Scrolls
 c - 2 scrolls of identify {unknown}
 g - a scroll of brand weapon {unknown}
 i - a scroll of fear {unknown}
 j - a scroll of poison {unknown}
Potions
 m - a potion of flight


   Skills:
 + Level 0.4 Fighting
 + Level 0.8 Polearms
 + Level 2.0 Dodging
 + Level 2.3 Stealth
 + Level 2.5 Spellcasting
 + Level 4.9 Conjurations


You had 5 spell levels left.
You knew the following spells:

 Your Spells              Type           Power      Damage    Failure   Level
a - Magic Dart            Conj           100%       1d8       1%          1
b - Searing Ray           Conj           52%        2d6       2%          2

Your spell library contained the following spells:

 Spells                   Type           Power      Damage    Failure   Level
 Dazzling Flash           Conj/Hex       28%        N/A       12%         3
 Ozocubu's Armour         Ice            3%         N/A       34%         3
 Fulminant Prism          Conj/Hex       7%         3d7       38%         4
 Iskenderun's Mystic Bla  Conj/Tloc      14%        2d5       38%         4
 Ice Form                 Ice/Tmut       3%         N/A       75%         4
 Petrify                  Tmut/Erth      3%         N/A       75%         4


Dungeon Overview and Level Annotations

Branches:
Dungeon (3/15)              Sewer (1/1)

Annotations:
D:3 Ijyb


Innate Abilities, Weirdness & Mutations

You are a tree.
Your roots penetrate the ground, keeping you stationary.
You cannot be teleported.
You are immune to unholy pain and torment.
Your maximum health is greatly increased.
Your equipment is partially melded.
You have an increased reservoir of magic. (+10% MP)
You shall have no god before yourself.
Your divine heritage dramatically boosts your attributes as you level up.


Message History

Press: ? - help, Shift-Dir - straight line, f - kobold
Aim: a kobold, wielding a +2 short sword of holy wrath and quivering stones (74% to hit)
The searing ray hits the kobold.
You kill the kobold!
You hear a splash. x3 (Press . to maintain the ray.)
You start resting.
Magic restored.
You enter the shallow water.
Moving in this stuff is going to be slow.
The kobold brigand throws a curare-tipped dart.
The curare-tipped dart hits you.
You are poisoned.
You have difficulty breathing.
You feel yourself slow down.
Things that are here:
a +0 club; a kobold skeleton You feel extremely sick.
Things that are here:
a +2 short sword of holy wrath; 2 stones; a potion of flight
f - a +2 short sword of holy wrath;
m - a potion of flight You feel sick.
You feel very sick.
The kobold brigand throws a curare-tipped dart.
The curare-tipped dart hits you.
You are lethally poisoned!
You have difficulty breathing.
* * * LOW HITPOINT WARNING * * *
You feel as though you will be slow longer.
Things that are here:
a +0 club; a kobold skeleton
* * * LOW HITPOINT WARNING * * *
You feel very sick.
It was a potion of lignification.
You turn into a tree.
Your +0 pair of boots melds into your body.
Your +0 robe melds into your body.
Your roots penetrate the ground.
* * * LOW HITPOINT WARNING * * *
You feel sick.
* * * LOW HITPOINT WARNING * * *
You feel sick.
You die...

##~≈~## #.~≈~.# ###.~≈~.#
#∩..~≈~.# ###.~≈≈~# #.~≈~.#
##~~≈~.##
#..~≈~.)####################
#~~K≈~)~~()♣~~~~~~~~~~~~~~~.
#.~~≈~~.####################
#.~~≈~.~# #.~~≈~~~#
#.~≈≈≈~.# #~~≈≈≈~K#
#K~≈≈≈~~# #..~~~.~#
#.....h.#


There were no monsters in sight!

Vanquished Creatures
  A kobold brigand (Sewer)
  An adder (D:2)
  A river rat (Sewer)
  A worm (D:2)
  2 dart slugs (D:1)
  8 orcs (D:3)
  6 ball pythons
  An endoplasm (D:2)
  4 goblins
  3 hobgoblins
  2 jackals (Sewer)
  4 quokkas
  3 bats
  A frilled lizard (D:2)
  7 kobolds
  4 rats
  A bush (D:2)
50 creatures vanquished.

Vanquished Creatures (others)
  2 plants (D:2)
2 creatures vanquished.

Grand Total: 52 creatures vanquished

Notes
Turn   | Place    | Note
-------+----------+-------------------------------------------
     0 | D:1      | javelincjr the Demigod Conjurer began the quest for the
                  | Orb.
     0 | D:1      | Reached XP level 1. HP: 14/14 MP: 5/5
   321 | D:1      | Got the Omnibus of Frosty Transmutation
   324 | D:1      | Reached skill level 4 in Conjurations
   324 | D:1      | Reached XP level 2. HP: 20/20 MP: 1/7
  1072 | D:2      | Learned a level 2 spell: Searing Ray
  1600 | D:2      | Reached XP level 3. HP: 26/26 MP: 8/8
  2737 | D:3      | Noticed Ijyb
  2779 | D:3      | Found a glowing drain.
  2835 | Sewer    | Entered a sewer
  3164 | Sewer    | Noticed a kobold brigand
  3164 | Sewer    | Noticed a kobold brigand
  3426 | Sewer    | Reached XP level 4. HP: 33/33 MP: 7/10
  3443 | Sewer    | Killed a kobold brigand
  3767 | Sewer    | HP: 2/51 [poisoned by a kobold brigand (curare-tipped
                  | dart)]
  3769 | Sewer    | Succumbed to a kobold brigand's curare-tipped dart

Illustrated notes

Levels and vault maps discovered:
D:1:      enne_arrival_octagon_isle, layout_basic, minmay_misc_feat_plants
D:2:      layout_basic, basic_altar, serial_forest,
          infiniplex_forest_lined_ring, infiniplex_forest_zigzag_1,
          infiniplex_forest_end_3, infiniplex_forest_clump_small,
          infiniplex_forest_join, guppyfry_early_lair_pool
D:3:      lemuel_castle_with_subvaults [lemuel_castle_interior_carwin_3],
          layout_basic, mainiacjoe_overflow_catwalk,
          dreamdust_ecumenical_altar_drowned_temple,
          cheibrodos_sewer_entry_drain, uniq_ijyb, uniq_terence, uniq_natasha,
          uniq_robin
Sewer:    sewer_kobolds

Skill      XL: |  1  2  3 |
---------------+----------+-----
Conjurations   | 4 |  4.9
Spellcasting   | 2 |  2.5
Dodging        | 2 |  2.0
Stealth        | 2 |  2.3
Fighting       | |  0.4
Polearms       | |  0.8

Action                   |  1- 3 |  4- 6 || total
-------------------------+-------+-------++-------
Melee: Spear             |   341 |       ||   341
       Punch             |    11 |       ||    11
 Cast: Magic Dart        |    57 |     5 ||    62
       Searing Ray       |    11 |     3 ||    14
  Use: Potion            |     2 |     1 ||     3
 Stab: Sleeping          |     1 |       ||     1
Armor: Robe              |     9 |       ||     9
Dodge: Dodged            |    43 |     2 ||    45
